 Dungeon Crawl Stone Soup version 0.27-a0-819-g058290f16d (webtiles) character file.

Game seed: 3174263921352329589

139295 lunkers the Eclecticist (level 17, -22/138 HPs)
             Began as a Djinni Earth Elementalist on Mar 25, 2021.
             Was the Champion of Makhleb.
             Annihilated by a naga
             ... wielding a +0 hand axe
              (28 damage)
             ... on level 1 of the Snake Pit on Mar 29, 2021.
             The game lasted 01:11:53 (27924 turns).

lunkers the Eclecticist (DjEE)                     Turns: 27924, Time: 01:11:54

Health: -22/138    AC: 10    Str: 10    XL:     17   Next: 28%
Gold:   3235       EV: 12    Int: 30    God:    Makhleb [******] SH: 12 Dex: 14

rFire    + + +     SeeInvis .   F - +2 scimitar of Xom's Brutal Revenge {drain, Fragile rF++ Str+3 Stlth+}
rCold    . . .     Faith    .   Z - +2 buckler
rNeg     . . .     Spirit   .   P - +1 troll leather armour {Snorg}
rPois    ∞         Reflect  +   q - +1 helmet
rElec    .         Harm     .   O - +0 cloak
rCorr    .         Rampage  .   W - +1 pair of gloves
Will     +....                  (boots unavailable)
Stlth    +++.......             w - amulet of reflection
HPRegen  1.33/turn              u - +6 ring of intelligence
MPRegen  0.00/turn              z - ring of protection from cold

@: about to teleport, flying
A: fire resistance 2, cold vulnerability 1, float, innate caster, hp casting,
extra vitality 1
a: Renounce Religion, Minor Destruction, Lesser Servant of Makhleb, Major
Destruction, Greater Servant of Makhleb


You were on level 1 of the Snake Pit.
You worshipped Makhleb.
Makhleb was exalted by your worship.
You visited 5 branches of the dungeon, and saw 26 of its levels.
You also visited: Gauntlet and Ice Cave.

You collected 3895 gold pieces.
You spent 660 gold pieces at shops.

Inventory:

Hand Weapons
 F - the +2 scimitar of Xom's Brutal Revenge (weapon) {drain, Fragile rF++ Str+3 Stlth+}
   (You found it on level 7 of the Dungeon)

   A truly terrible weapon, it drains the life of those it strikes.
   It affects your strength (+3).
   It greatly protects you from fire.
   It will be destroyed if unequipped.
   It makes you more stealthy.
 J - a +2 short sword of electrocution
 Q - the +1 short sword "Fuebuxy" {elec, rN+}
   (You bought it in a shop on level 2 of the Orcish Mines)

   Occasionally, upon striking a foe, it can discharge electrical energy and
   cause terrible harm.
   It protects you from negative energy.
Missiles
 r - 628 stones
Armour
 q - a +1 helmet (worn)
 O - a +0 cloak (worn)
 P - a +1 troll leather armour (worn) {Snorg}
 R - the +1 robe "Iwnieg" {rPois rN++ rCorr}
   (You found it on level 13 of the Dungeon)

   It protects you from poison.
   It greatly protects you from negative energy.
   It protects you from acid and corrosion.
 T - a +3 leather armour of willpower
 W - a +1 pair of gloves (worn)
 Y - a +2 kite shield
 Z - a +2 buckler (worn)
Jewellery
 h - a +6 ring of intelligence
 i - a ring of protection from cold
 l - a ring of willpower
 m - the ring of Duduniaf {rF+++ rN+ Will+ MP+9 Dex-2}
   (You found it on level 13 of the Dungeon)

   [ring of positive energy]

   It affects your dexterity (-2).
   It renders you almost immune to fire.
   It protects you from negative energy.
   It affects your magic capacity (+9).
   It increases your willpower.
 u - a +6 ring of intelligence (left hand)
 w - an amulet of reflection (around neck)
 z - a ring of protection from cold (right hand)
 C - a ring of protection from cold
 H - a ring of willpower
 I - a ring of protection from fire
 U - a +6 ring of dexterity
Wands
 s - a wand of flame (52)
 B - a wand of polymorph (24)
 G - a wand of iceblast (11)
 N - a wand of mindburst (42)
 S - a wand of acid (4)
Scrolls
 b - 10 scrolls of magic mapping
 c - 7 scrolls of enchant weapon
 d - 2 scrolls of fog
 f - a scroll of identify
 j - 12 scrolls of teleportation
 k - 2 scrolls of silence
 o - 6 scrolls of enchant armour
 t - a scroll of blinking
 y - 7 scrolls of holy word
 D - 5 scrolls of fear
 M - 2 scrolls of brand weapon
Potions
 a - 6 potions of heal wounds
 e - 6 potions of might
 g - 9 potions of curing
 n - 2 potions of attraction
 p - a potion of ambrosia
 v - 4 potions of brilliance
 x - 3 potions of haste
 L - 2 potions of invisibility
 X - 2 potions of mutation
Miscellaneous
 A - a tin of tremorstones (2/2)
 E - a box of beasts
 K - a phial of floods
 V - a lightning rod (4/4)


   Skills:
 + Level 17.9 Fighting
 - Level 2.1 Dodging
 - Level 1.5 Stealth
 - Level 4.0 Shields
 + Level 19.0 Spellcasting


You had 8 spell levels left.
You knew the following spells:

 Your Spells              Type           Power      Damage    Failure   Level
a - Iron Shot             Conj/Erth      48%        9d9       1%          6
b - Passwall              Tmut/Erth      80%        N/A       0%          2
c - Stone Arrow           Conj/Erth      100%       3d13      0%          3
d - Borgnjor's Vile Clut  Necr/Erth      48%        N/A       1%          5
e - Lee's Rapid Deconstr  Erth           48%        3d24*     1%          5
f - Beastly Appendage     Tmut           100%       N/A       0%          1
g - Ensorcelled Hibernat  Hex/Ice        100%       N/A       0%          2
h - Corpse Rot            Necr/Air       N/A        N/A       0%          2
i - Gell's Gravitas       Tloc           48%        N/A       0%          3
j - Petrify               Tmut/Erth      97%        N/A       0%          4
k - Fireball              Conj/Fire      48%        3d19      1%          5
l - Sandblast             Erth           100%       2d20      0%          1
m - Spellforged Servitor  Conj/Summ      48%        N/A       1%          7
Your spell library was empty.

Dungeon Overview and Level Annotations

Branches:
Dungeon (15/15)            Temple (1/1) D:6            Lair (6/6) D:9
 Shoals (0/4) Lair:2        Snake (2/4) Lair:3        Slime (0/5) Lair:5
    Orc (2/2) D:9             Elf (0/3) Orc:2        Vaults (0/5) D:14
 Depths (0/5) D:15          IceCv (visited)         Gauntlet (visited)

Altars:
Ashenzari
Cheibriados
Dithmenos
Elyvilon
Fedhas
Gozag
Hepliaklqana
Kikubaaqudgha
Makhleb
Nemelex Xobeh
Okawaru
Qazlal
Ru
Sif Muna
Trog
Uskayaw
Vehumet
Wu Jian
Xom
Yredelemnul
Zin
The Shining One
Beogh
Jiyva

Shops:
D:4 *   Orc:2 *[=([   Snake:1 ==:

Annotations:
Lair:4 3 runed translucent doors, Dittersdorf's ghost, journeyman GrFi


Innate Abilities, Weirdness & Mutations

You are immune to poison.
Your flesh is very heat resistant. (rF++)
You are vulnerable to cold. (rC-)
You float through the air rather than walking.
You learn spells naturally, not from books.
Your magical power is your life essence.
You have superior vitality. (+4 HP)


Message History

Unknown command.
Unknown command.
As you read the scroll of fear, it crumbles to dust.
You assume a fearsome visage.
The naga warrior looks frightened!
The naga mage looks frightened!
The naga ritualist looks frightened!
The mana viper resists with some effort.
The anaconda looks frightened!
The mana viper resists with almost no effort.
The naga mage resists with some effort.
The naga looks frightened!
The naga resists with some effort.
The naga looks frightened!
You block the mana viper's attack. You block the naga mage's attack.
The naga ritualist loses its grip on you.
The naga warrior cries, "Mercy!"
The naga hits you with a +0 hand axe!!
* * * LOW HITPOINT WARNING * * *
You block the naga's attack. The mana viper barely misses you.
Unknown command.
The naga mage no longer looks unusually strong.
The naga mage closely misses you.
You riposte.
You closely miss the naga mage. The naga mage misses you.
The mana viper bites you!
* * * LOW HITPOINT WARNING * * *
You block the mana viper's attack.
The naga mage casts a spell at the naga.
The naga seems to grow toxic.
The naga hits you with a +0 hand axe!!
* * * LOW HITPOINT WARNING * * *
The naga barely misses you.
The naga howls in fear.
You fly upwards.
There is a stone staircase leading down here.
Unknown command.
Unknown command.
Unknown command.
Unknown command.
As you read the scroll of teleportation, it crumbles to dust.
You feel strangely unstable. The mana viper bites you!
* * * LOW HITPOINT WARNING * * *
The mana viper bites you!
* * * LOW HITPOINT WARNING * * *
You block the naga mage's attack. x2; The naga hits you with a +0 hand axe!!
You die...

............#.#)..#.#.......'.#♣.
....#...⌠...'.#.⌠.#.'...⌠)..#.#♣♣
....'.......#.#...#.#....†....###
....#.#####.#.#...#.#.#####.#÷..#
....##.....###.....###.....##)..#
#'##############'### #########.##
#)###.......###...############)##
.)...........#.SNN.##......##....
.).).........#⌠.@.⌠##......##....
.............#.S...#.......##..).
.............##.⌠.###......##....
..............#######......##....
.......).).........##......##....
.....###'############..##########
....####.###########..###########
....##......##........##.........
....##......##........##.........


You could see 2 mana vipers, a naga mage (fast) and a naga (strong, curare,
catching breath).

Vanquished Creatures
  Rupert (D:13)
  Kirke (D:13)
  A shadow dragon (D:14)
  A frost giant (IceCv)
  3 orc warlords (Orc:2)
  Nessos (Lair:5)
  Azrael (D:12)
  A minotaur (Gauntlet)
  Snorg (D:10)
  An ettin (D:14)
  2 fire dragons (Lair:6)
  Fannar (Lair:3)
  Josephine (Lair:5)
  5 hydras
  6 boulder beetles
  A yaktaur captain (D:14)
  4 catoblepae
  Erolcha (D:13)
  Harold (D:8)
  3 naga warriors
  2 ice dragons (D:15)
  3 anacondas (Snake:1)
  5 centaur warriors
  2 two-headed ogres
  5 death yaks (Lair:6)
  A tengu warrior (D:14)
  The ghost of avis the Transmogrifier, a novice DgTm (Lair:1)
  A naga sharpshooter (Snake:1)
  An orc high priest (Orc:2)
  A sixfirhy (Gauntlet)
  A sea snake (Snake:1)
  A flayed ghost (D:14)
  A swamp dragon (Lair:6)
  3 naga ritualists (Snake:1)
  5 lindwurms
  3 orc knights (Orc:2)
  21 ugly things
  4 deep elf zephyrmancers (Orc:2)
  5 mana vipers (Snake:1)
  2 orc sorcerers (Orc:2)
  6 cyclopes
  7 deep elf pyromancers
  A salamander (Snake:1)
  A worldbinder (Gauntlet)
  4 manticores
  An ice statue (IceCv)
  Maurice (D:10)
  15 black mambas
  11 elephants
  3 naga magi (Snake:1)
  A smoke demon (Gauntlet)
  19 cane toads
  3 torpor snails (Lair:6)
  A komodo dragon (shapeshifter) (D:15)
  16 rime drakes
  A kobold demonologist (D:11)
  A tengu conjurer (D:14)
  2 yaktaurs (D:14)
  9 komodo dragons
  9 trolls
  3 meliai (D:14)
  A red devil (Gauntlet)
  19 polar bears
  A hornet (D:10)
  Prince Ribbit (D:8)
  20 blink frogs
  2 dream sheep (Lair:6)
  2 slime creatures
  7 wraiths
  4 shadows
  4 wyverns
  2 spriggans (Lair:1)
  51 yaks
  2 hogs (D:13)
  A water elemental (D:14)
  Eustachio (D:3)
  4 vampire mosquitoes
  15 steam dragons (Lair:6)
  4 basilisks
  Menkaure (D:4)
  7 nagas (Snake:1)
  2 acid dragons
  Edmund (D:4)
  3 wargs
  2 hell hounds (D:12)
  16 water moccasins
  A hornet zombie (D:7)
  4 swamp drakes (Lair:6)
  8 ice beasts (D:12)
  36 orc warriors
  A sky beast (D:6)
  3 black bears
  6 ogres
  7 boggarts
  28 wolves
  A necrophage (D:4)
  10 centaurs
  12 kobold brigands
  13 bullfrogs
  3 scorpions
  11 killer bees
  2 electric eels
  8 wights
  4 crimson imps (Gauntlet)
  3 centaur zombies
  2 centaur skeletons
  A gnoll shaman (D:10)
  23 orc priests
  2 bullfrog skeletons (D:5)
  3 hounds
  5 jellies
  3 iguanas
  36 orc wizards
  Natasha (thrice) (D:4)
  A hound zombie (D:5)
  2 howler monkey zombies
  Robin (D:3)
  9 gnolls
  5 adders
  A howler monkey skeleton (D:2)
  3 ufetubi
  2 dart slugs
  68 orcs
  13 endoplasms
  2 giant cockroaches
  16 goblins
  8 hobgoblins
  5 jackals
  26 kobolds
  2 quokkas
  7 ball pythons
  5 bats
  4 frilled lizards
  6 rats
  A bush (Lair:6)
819 creatures vanquished.

Vanquished Creatures (collateral kills)
  A naga ritualist (Snake:1)
  A salamander (Snake:1)
  2 black mambas (Snake:1)
4 creatures vanquished.

Vanquished Creatures (others)
  23 demonic plants (Gauntlet)
  50 fungi
  66 plants
  8 toadstools (D:4)
147 creatures vanquished.

Grand Total: 970 creatures vanquished

Notes
Turn   | Place    | Note
-------+----------+-------------------------------------------
     0 | D:1      | lunkers the Djinni Earth Elementalist began the quest for
                  | the Orb.
     0 | D:1      | Reached XP level 1. HP: 15/15 MP: 0/0
   228 | D:1      | Reached skill level 3 in Spellcasting
   228 | D:1      | Reached XP level 2. HP: 15/22 MP: 0/0
   491 | D:1      | Reached skill level 1 in Fighting
   706 | D:1      | Reached XP level 3. HP: 26/27 MP: 0/0
   706 | D:1      | Learned a level 1 spell: Beastly Appendage
  1764 | D:3      | Reached XP level 4. HP: 31/33 MP: 0/0
  2374 | D:3      | Noticed Robin
  2396 | D:3      | Killed Robin
  2421 | D:3      | Reached skill level 4 in Spellcasting
  3073 | D:4      | Found Qozuuq's General Store.
  3261 | D:4      | Reached XP level 5. HP: 35/38 MP: 0/0
  3261 | D:4      | Learned a level 2 spell: Ensorcelled Hibernation
  3313 | D:4      | Noticed Natasha
  3315 | D:4      | Killed Natasha
  3508 | D:4      | Noticed Edmund
  3637 | D:4      | Killed Edmund
  3638 | D:4      | Reached skill level 5 in Spellcasting
  3638 | D:4      | Reached XP level 6. HP: 16/46 MP: 0/0
  3685 | D:4      | Noticed Natasha
  3694 | D:4      | Killed Natasha
  3712 | D:4      | Noticed Natasha
  3716 | D:4      | Killed Natasha
  3976 | D:4      | Reached XP level 7. HP: 39/51 MP: 0/0
  3976 | D:4      | Learned a level 2 spell: Corpse Rot
  4256 | D:4      | Noticed Eustachio
  4374 | D:4      | Noticed Menkaure
  4379 | D:3      | Killed Eustachio
  4380 | D:3      | Reached skill level 6 in Spellcasting
  4452 | D:4      | Killed Menkaure
  4703 | D:4      | Reached XP level 8. HP: 52/58 MP: 0/0
  5208 | D:4      | Reached skill level 5 in Fighting
  5785 | D:4      | Found a sparkling altar of Nemelex Xobeh.
  5957 | D:4      | Reached skill level 7 in Spellcasting
  6061 | D:5      | Entered Level 5 of the Dungeon
  6207 | D:5      | Noticed a troll
  6224 | D:5      | Killed a troll
  7082 | D:5      | Reached skill level 8 in Spellcasting
  7257 | D:6      | Reached XP level 9. HP: 57/66 MP: 0/0
  7257 | D:6      | Learned a level 3 spell: Gell's Gravitas
  7333 | D:6      | Found a staircase to the Ecumenical Temple.
  7345 | Temple   | Entered the Ecumenical Temple
  7629 | Temple   | Became a worshipper of Makhleb the Destroyer
  7722 | D:6      | Reached skill level 1 in Shields
  7828 | D:6      | Found an ornate altar of the Wu Jian Council.
  8345 | D:7      | Found a broken altar of Ashenzari.
  9170 | D:7      | Upgraded the game from 0.27-a0-773-gaaee5cf45b to
                  | 0.27-a0-819-g058290f16d
  9181 | D:7      | Reached skill level 9 in Spellcasting
  9533 | D:7      | Identified the +2 scimitar of Xom's Brutal Revenge {drain,
                  | Fragile rF++ Str+3 Stlth+}
  9544 | D:8      | Noticed Prince Ribbit
  9548 | D:8      | Reached * piety under Makhleb
  9770 | D:8      | Killed Prince Ribbit
  9886 | D:8      | Reached XP level 10. HP: 61/75 MP: 0/0
 10201 | D:8      | Noticed a two-headed ogre
 10215 | D:8      | Killed a two-headed ogre
 10216 | D:8      | Reached skill level 10 in Spellcasting
 10428 | D:8      | Noticed Harold
 10436 | D:8      | Killed Harold
 10632 | D:9      | Found a staircase to the Orcish Mines.
 10679 | D:9      | Found a staircase to the Lair.
 11184 | D:9      | Reached ** piety under Makhleb
 11185 | D:9      | Reached skill level 11 in Spellcasting
 11230 | D:9      | Found a hazy altar of Hepliaklqana.
 11230 | D:9      | Found a glowing silver altar of Zin.
 11234 | D:9      | Found a snail-covered altar of Cheibriados.
 11237 | D:9      | Found a white marble altar of Elyvilon.
 11383 | D:9      | Reached XP level 11. HP: 76/84 MP: 0/0
 11383 | D:9      | Learned a level 5 spell: Borgnjor's Vile Clutch
 11453 | D:10     | Entered Level 10 of the Dungeon
 11911 | D:10     | Noticed Maurice
 11917 | D:10     | Killed Maurice
 12005 | D:10     | Noticed Snorg
 12022 | D:10     | Killed Snorg
 12217 | D:10     | Found a viscous altar of Jiyva.
 12383 | Lair:1   | Entered Level 1 of the Lair of Beasts
 12554 | Lair:1   | Reached skill level 10 in Fighting
 12554 | Lair:1   | Reached skill level 12 in Spellcasting
 12800 | Lair:1   | Found a runed translucent door.
 12801 | Lair:1   | Noticed avis's ghost (novice DgTm)
 12806 | Lair:1   | Identified the +1 spear "Yneal" {vorpal, +Inv rPois rN+
                  | Dex-2}
 12860 | Lair:1   | Reached *** piety under Makhleb
 13221 | Lair:1   | Killed avis's ghost
 13303 | Lair:2   | Found a gate leading to a gauntlet.
 13308 | Gauntlet | Entered a Gauntlet
 13308 | Gauntlet | Found a transporter.
 13308 | Gauntlet | Found a transporter.
 13308 | Gauntlet | Noticed a sixfirhy
 13308 | Gauntlet | Noticed a sixfirhy
 13310 | Gauntlet | Noticed a sixfirhy
 13310 | Gauntlet | Noticed a sixfirhy
 13313 | Gauntlet | Identified a scroll of acquirement
 13330 | Gauntlet | Found a transporter.
 13330 | Gauntlet | Found a transporter.
 13334 | Gauntlet | Found a transporter.
 13346 | Gauntlet | Noticed a sixfirhy
 13350 | Gauntlet | Found a transporter.
 13350 | Gauntlet | Found a transporter.
 13379 | Gauntlet | Found a transporter.
 13387 | Gauntlet | Found a transporter.
 13404 | Gauntlet | Found a transporter.
 13412 | Gauntlet | Found a transporter.
 13415 | Gauntlet | Noticed a worldbinder
 13429 | Gauntlet | Found a transporter.
 13557 | Gauntlet | Reached XP level 12. HP: 93/93 MP: 0/0
 13724 | Gauntlet | Acquired an amulet of reflection
 13736 | Gauntlet | Reached skill level 13 in Spellcasting
 13742 | Gauntlet | Identified the +1 cloak of Hospitality {-Cast rC+++ Regen+
                  | rCorr}
 13783 | Gauntlet | Noticed a minotaur
 13790 | Gauntlet | Killed a minotaur
 14147 | Lair:2   | Found a staircase to the Shoals.
 14180 | Lair:2   | Noticed a catoblepas
 14189 | Lair:2   | Killed a catoblepas
 14204 | Lair:2   | Noticed a four-headed hydra
 14210 | Lair:2   | Killed a four-headed hydra
 14404 | Lair:2   | Noticed a seven-headed hydra
 14410 | Lair:2   | Killed a seven-headed hydra
 14890 | Lair:3   | Noticed Fannar
 14897 | Lair:3   | Killed Fannar
 14960 | Lair:3   | Found a staircase to the Snake Pit.
 14992 | Lair:3   | Noticed a seven-headed hydra
 14997 | Lair:3   | Killed a seven-headed hydra
 14997 | Lair:3   | Reached **** piety under Makhleb
 14998 | Lair:3   | Reached skill level 14 in Spellcasting
 15108 | Lair:3   | Reached XP level 13. HP: 100/100 MP: 0/0
 15108 | Lair:3   | Learned a level 5 spell: Fireball
 16110 | Lair:4   | Noticed Dittersdorf's ghost (journeyman GrFi)
 16111 | Lair:4   | Found a runed translucent gate.
 16111 | Lair:4   | Found a runed translucent gate.
 16111 | Lair:4   | Found a runed translucent gate.
 16111 | Lair:4   | Noticed a quicksilver ooze
 16113 | Lair:4   | Found a viscous altar of Jiyva.
 16898 | Lair:5   | Noticed Josephine
 17013 | Lair:5   | Killed Josephine
 17020 | Lair:5   | Reached skill level 15 in Spellcasting
 17083 | Lair:5   | Reached ***** piety under Makhleb
 17157 | Lair:5   | Found a staircase to the Slime Pits.
 17383 | Lair:5   | Noticed Nessos
 17388 | Lair:5   | Killed Nessos
 17470 | Lair:5   | You are sucked into a shaft and drop 1 floor!
 17470 | Lair:6   | Entered Level 6 of the Lair of Beasts
 17796 | Lair:6   | Reached XP level 14. HP: 97/110 MP: 0/0
 18063 | Lair:6   | Reached skill level 16 in Spellcasting
 18464 | Lair:6   | Reached ****** piety under Makhleb
 19673 | Orc:1    | Entered Level 1 of the Orcish Mines
 20084 | Orc:2    | Entered Level 2 of the Orcish Mines
 20092 | Orc:2    | Reached XP level 15. HP: 115/118 MP: 0/0
 20092 | Orc:2    | Learned a level 6 spell: Iron Shot
 20107 | Orc:2    | Noticed an orc warlord
 20113 | Orc:2    | Killed an orc warlord
 20223 | Orc:2    | Found Verusiqueth's Antique Armour Shop.
 20232 | Orc:2    | Found a staircase to the Elven Halls.
 20235 | Orc:2    | Bought a glimmering ring mail for 216 gold pieces
 20235 | Orc:2    | Identified the +0 ring mail "Obbiw" {rF- Str+6 Int+3} (You
                  | bought it in a shop on level 2 of the Orcish Mines)
 20274 | Orc:2    | Noticed an orc warlord
 20280 | Orc:2    | Reached skill level 17 in Spellcasting
 20289 | Orc:2    | Killed an orc warlord
 20535 | Orc:2    | Reached skill level 15 in Fighting
 20566 | Orc:2    | Found Rivvul's Jewellery Emporium.
 20591 | Orc:2    | Found Poefiudd's Antique Weapon Emporium.
 20597 | Orc:2    | Found Vyosepui's General Store.
 20679 | Orc:2    | Bought a sapphire short sword for 264 gold pieces
 20679 | Orc:2    | Identified the +1 short sword "Fuebuxy" {elec, rN+} (You
                  | bought it in a shop on level 2 of the Orcish Mines)
 20995 | Orc:2    | Found Xarphanal's Antique Armour Emporium.
 21040 | Orc:2    | Noticed an orc warlord
 21162 | Orc:2    | Killed an orc warlord
 21183 | Orc:2    | Bought a shiny buckler for 180 gold pieces
 22398 | D:12     | Noticed Azrael
 22402 | D:12     | Killed Azrael
 22774 | D:12     | Found a frozen archway.
 22782 | IceCv    | Entered an ice cave
 23262 | IceCv    | Noticed a frost giant
 23270 | IceCv    | Killed a frost giant
 23295 | IceCv    | Identified the Compendium of the Frostbite
 23707 | D:12     | Reached XP level 16. HP: 118/128 MP: 0/0
 23999 | D:13     | Noticed Rupert
 24004 | D:13     | Killed Rupert
 24011 | D:13     | Identified the +1 robe "Iwnieg" {rPois rN++ rCorr}
 24074 | D:13     | Noticed Erolcha
 24077 | D:13     | Killed Erolcha
 24117 | D:13     | Reached skill level 18 in Spellcasting
 24335 | D:13     | Identified the ring of Duduniaf {rF+++ rN+ Will+ MP+9
                  | Dex-2}
 24353 | D:13     | Identified the +5 hunting sling of Meorulle {vorpal, Dex+5}
 24496 | D:13     | Noticed Kirke
 24503 | D:13     | Killed Kirke
 25364 | D:14     | Found a gate to the Vaults.
 25515 | D:14     | Noticed a shadow dragon
 25526 | D:14     | Killed a shadow dragon
 25877 | D:15     | Entered Level 15 of the Dungeon
 26291 | D:15     | Found a staircase to the Depths.
 26982 | Snake:1  | Entered Level 1 of the Snake Pit
 27172 | Snake:1  | Reached XP level 17. HP: 127/137 MP: 0/0
 27172 | Snake:1  | Learned a level 7 spell: Spellforged Servitor
 27461 | Snake:1  | Found Gaegeyss's Book Shop.
 27461 | Snake:1  | Found Siji's Jewellery Shoppe.
 27462 | Snake:1  | Found Guhas's Jewellery Shoppe.
 27915 | Snake:2  | Reached skill level 19 in Spellcasting
 27924 | Snake:1  | HP: 6/138 [mana viper (14)]
 27924 | Snake:1  | Annihilated by a naga

Illustrated notes

Levels and vault maps discovered:
D:1:      sevenhm_arrival_forest_fort_small_5, layout_basic
D:2:      layout_loops_cross
D:3:      layout_loops_cross, nicolae_overflow_hidden_temple, uniq_robin
D:4:      cheibrodos_fertilizer, layout_layer_cave, serial_shops,
          nicolae_shop_trees, nemelex_diamond_rough_becter, uniq_edmund,
          uniq_menkaure, uniq_natasha, uniq_eustachio
D:5:      layout_loops_ring
D:6:      layout_basic, lemuel_coloured_pillars_altar, temple_hall
D:7:      layout_loops_ring, nicolae_ashenzari_skybound
D:8:      layout_rooms, uniq_harold, uniq_prince_ribbit1
D:9:      layout_roguey, grunt_temple_overflow_open, david_lair_generic
D:10:     layout_grid_maze, jiyva_altar_1, uniq_maurice, uniq_snorg
D:11:     layout_small_grid, special_room [special_room_kobold],
          minmay_misc_feat_hallway
D:12:     layout_loops_corners, portal_ice_cave_entry_ice_beasts,
          kennysheep_generic_room_16, uniq_azrael
D:13:     layout_stronghold, minmay_lindwurm_lava, uniq_kirke, uniq_erolcha,
          uniq_rupert
D:14:     layout_basic, david_vaults_2, chequers_serial_rivers_small_3,
          minmay_radiant
D:15:     grunt_enter_depths_hoard, layout_cave_pods
Temple:   dpeg_chambers_temple
Lair:1:   layout_chaotic_city, ebering_ghost_funeral_grove,
          chequers_serial_rivers_large_a
Lair:2:   layout_gridlike, minmay_shoals_entry_centaurs, gauntlet_entry_generic
Lair:3:   layout_cave_pods, guppyfry_snake_entry_island, uniq_fannar
Lair:4:   layout_cellular_growth, gammafunk_ghost_endoplasm,
          kilobyte_rumbling_trees, grunt_megastairs_3
Lair:5:   layout_roguey, slime_dummy, uniq_josephine, uniq_nessos
Lair:6:   hangedman_lair_in_review, layout_layer_cave, guppyfry_lair_end_dragon,
          bobbens_dragon_lair_wall
Snake:1:  layout_grid_maze, drop_trap, minmay_shop_grove, grunt_megastairs_1,
          serial_bayou_shore_a
Snake:2:  layout_layer_cave, serial_shops, shop
Orc:1:    layout_caves
Orc:2:    grunt_orc_cross, layout_caves, serial_shops, shop,
          elves_outpost_lemuel

Skill      XL: |  1  2  3  4  5  6  7  8  9 10 11 12 13 14 15 16 17 |
---------------+----------------------------------------------------+-----
Spellcasting   | 3 4 5 6 8 9 11 12 14 15 16 17 18 19 | 19.0
Fighting       | 1 2 3 4 6 7 9 10 11 13 14 16 17 | 17.9
Shields        | 3 4 |  4.0
Dodging        | |  2.1
Stealth        | |  1.5

Action                   |  1- 3 |  4- 6 |  7- 9 | 10-12 | 13-15 | 16-18 || total
-------------------------+-------+-------+-------+-------+-------+-------++-------
Melee: Long sword        |       |     8 |     8 |     6 |       |       ||    22
       Scimitar          |       |       |       |    20 |   110 |    57 ||   187
 Cast: Sandblast         |    49 |     4 |       |       |       |       ||    53
       Stone Arrow       |       |    51 |   133 |   225 |   346 |       ||   755
       Gell's Gravitas   |       |       |     4 |       |       |       ||     4
       Lee's Rapid Decon |       |       |       |     6 |     2 |     1 ||     9
       Borgnjor's Vile C |       |       |       |    27 |    56 |     2 ||    85
       Passwall          |       |       |       |     1 |       |       ||     1
       Fireball          |       |       |       |       |    12 |       ||    12
       Iron Shot         |       |       |       |       |   221 |   192 ||   413
       Spellforged Servi |       |       |       |       |       |     1 ||     1
  Use: Scroll            |       |       |     8 |     9 |     3 |    11 ||    31
Armor: Robe              |     1 |     2 |       |       |       |       ||     3
       Animal skin       |       |       |     9 |     4 |       |       ||    13
       Troll leather arm |       |       |       |    25 |   111 |    30 ||   166
Dodge: Dodged            |     7 |    13 |    30 |    60 |   141 |    56 ||   307
Block: Buckler           |       |       |     5 |    35 |   162 |    88 ||   290
       Reflection        |       |       |       |     4 |     9 |    16 ||    29
       Rpst.: Long sword |       |     4 |     8 |     1 |       |       ||    13
       Scimitar          |       |       |       |    11 |    40 |    10 ||    61

Table legend: (Time is in decaauts)
 A = Elapsed time spent in this place.
 B = Non-inter-level travel time spent in this place.
 C = Inter-level travel time spent in this place.
 D = Time resting spent in this place.
 E = Time spent auto-exploring this place.
 F = Levels seen in this place.
 G = Mean time per level.
                   A        B        C        D        E       F      G
               +--------+--------+--------+--------+--------+-----+--------+
         Total |  28055 |  26860 |   1195 |   1334 |  20781 |  28 | 1002.0 |
       Dungeon |  16683 |  16065 |    618 |    969 |  13201 |  15 | 1112.2 |
        Temple |    305 |    242 |     63 |      0 |    241 |   1 |  305.0 |
          Lair |   6714 |   6373 |    341 |     73 |   4982 |   6 | 1119.0 |
     Snake Pit |    944 |    890 |     54 |     39 |    669 |   2 |  472.0 |
  Orcish Mines |   1877 |   1759 |    118 |     28 |   1149 |   2 |  938.5 |
      Ice Cave |    863 |    863 |      0 |      0 |    506 |   1 |  863.0 |
      Gauntlet |    665 |    665 |      0 |    225 |     33 |   1 |  665.0 |
               +--------+--------+--------+--------+--------+-----+--------+

Top non-repeatable levels by time:
     D:4: 2613 daAuts
  Lair:6: 1830 daAuts
     D:3: 1692 daAuts
     D:7: 1545 daAuts
   Orc:2: 1429 daAuts
  Lair:4: 1206 daAuts
     D:5: 1144 daAuts
    D:14: 1096 daAuts
     D:1: 1088 daAuts
  Lair:1: 987 daAuts
    D:10: 967 daAuts
     D:9: 953 daAuts
 Snake:1: 932 daAuts
  Lair:5: 931 daAuts
    D:15: 920 daAuts
